Map: Waterfall

Players

fourKslayeR - Winner!

  • Race: Terran Terran
  • League: Master
  • Spawn Location: 1:00

llllllllllll

  • Race: Zerg Zerg
  • League: Diamond
  • Spawn Location: 7:00

VOD

https://www.twitch.tv/videos/1620188082?t=02h26m00s

Description

100% Win Rate TvZ Build

Time

  • Played on: Oct. 10, 2022, 1:42 a.m.
  • Length: 7:28
Show
View Real Time Build Order
Export as new Build Order

fourKslayeR Terran - Winner!

Build Orders:  

Get SALT Encoding   

  12  0:00  SCV  
  13  0:12  SCV  
  14  0:18  Supply Depot  
  14  0:24  SCV  
  15  0:40  SCV  
  15  0:42  Barracks  
  16  0:47  Refinery  
  16  0:52  SCV  
  17  1:04  SCV  
  18  1:16  SCV  
  19  1:28  SCV  
  20  1:34  Reaper  
  21  1:41  Orbital Command  
  21  1:46  Command Center  
  21  1:59  Barracks  
  22  2:08  SCV  
  22  2:11  Supply Depot  
  22  2:12  Barracks Reactor  
  22  2:20  SCV  
  23  2:24  Refinery  
  23  2:36  SCV  
  24  2:48  SCV  
  25  2:55  Barracks Tech Lab  
  25  2:56  Marine x2  
  27  2:58  Orbital Command  
  27  3:00  SCV  
  27  3:02  Factory  
  28  3:14  Marine x2  
  28  3:17  Marine, Supply Depot  
  28  3:19  SCV  
  32  3:24  SCV  
  33  3:29  Stimpack  
  33  3:31  SCV  
  33  3:32  Marine x2  
  36  3:36  SCV  
  36  3:41  Marine  
  38  3:43  SCV  
  38  3:44  Supply Depot  
  39  3:48  SCV  
  39  3:50  Starport  
  39  3:51  Factory Reactor  
  39  3:52  Marine  
  39  3:55  Marine, SCV  
  43  3:58  Marine  
  43  4:00  SCV  
  45  4:07  SCV  
  45  4:08  Supply Depot  
  46  4:12  SCV  
  46  4:14  Marine x2  
  46  4:16  Marine  
  50  4:18  Engineering Bay  
  50  4:19  SCV  
  51  4:25  SCV  
  52  4:31  SCV  
  52  4:32  Marine x2  
  52  4:34  Marine  
  52  4:37  Medivac, Refinery  
  58  4:40  Medivac  
  58  4:44  Terran Infantry Weapons Level 1  
  60  4:50  Marine x2  
  60  4:52  Marine, SCV x2, Supply Depot  
  65  4:54  Supply Depot  
  65  5:03  Factory Tech Lab  
  65  5:04  SCV  
  65  5:06  SCV  
  67  5:08  Marine, Barracks  
  67  5:10  Barracks  
  68  5:14  Barracks  
  68  5:17  SCV  
  68  5:18  Marine, Combat Shield  
  70  5:23  Siege Tank  
  70  5:27  Supply Depot, Starport Reactor  
  73  5:29  Marine x2  
  75  5:35  Supply Depot  
  75  5:36  Refinery  
  66  5:52  Marine x3  
  66  5:55  Siege Tank  
  71  5:58  Supply Depot  
  71  6:02  Marine x2  
  71  6:03  Marine x2  
  72  6:08  Medivac  
  72  6:09  Medivac, Marine  
  72  6:10  Marine x2  
  79  6:16  SCV  
  80  6:20  Marine x2  
  80  6:21  Marine x2  
  84  6:27  Marine x3  
  87  6:37  Supply Depot  
  87  6:38  Marine x2, Supply Depot  
  87  6:39  Marine x2  
  91  6:45  Marine x2, Supply Depot  
  94  6:53  Supply Depot  
  94  6:57  Marine  
  94  6:58  Marine  
  100  7:04  Marine  
  100  7:06  Marine  
Show
View Real Time Build Order
Export as new Build Order

llllllllllll Zerg 

Build Orders: Hatch First 

Get SALT Encoding   

  12  0:00  Drone  
  13  0:12  Overlord  
  13  0:20  Drone  
  14  0:30  Drone  
  14  0:31  Drone  
  16  0:49  Hatchery  
  15  0:54  Drone  
  15  0:57  Drone  
  17  0:59  Drone  
  18  1:11  Extractor  
  17  1:14  Spawning Pool  
  17  1:17  Drone  
  17  1:21  Drone  
  18  1:28  Drone  
  19  1:38  Overlord  
  19  1:50  Overlord  
  19  2:05  Queen x2  
  19  2:07  Zergling x4  
  25  2:10  Metabolic Boost  
  25  2:16  Drone x2  
  27  2:23  Drone x2  
  27  2:52  Drone x3  
  29  3:03  Hatchery  
  29  3:04  Queen, Drone  
  29  3:05  Drone x3  
  34  3:20  Drone x3  
  34  3:22  Spore Crawler  
  37  3:30  Extractor  
  37  3:34  Roach Warren  
  35  3:35  Drone  
  35  3:36  Drone  
  35  3:37  Drone x2  
  35  3:39  Overlord  
  39  3:46  Overlord  
  39  4:01  Evolution Chamber  
  39  4:03  Zergling x6  
  39  4:04  Zergling x4  
  39  4:05  Evolution Chamber  
  39  4:07  Drone  
  44  4:12  Spore Crawler  
  44  4:13  Spore Crawler, Drone  
  43  4:18  Overlord  
  43  4:23  Overlord  
  45  4:24  Queen  
  47  4:32  Zergling x2  
  47  4:33  Zerg Melee Weapons Level 1, Zergling x2  
  47  4:34  Zerg Ground Armor Level 1, Drone x3  
  47  4:35  Drone x2  
  54  4:51  Zergling x10  
  54  4:52  Zergling x2  
  60  4:57  Extractor  
  60  4:59  Baneling Nest  
  58  5:06  Zergling x10  
  63  5:10  Drone  
  63  5:13  Zergling x4  
  66  5:14  Lair  
  66  5:17  Zergling x2  
  67  5:23  Zergling x4  
  67  5:27  Zergling x6  
  69  5:44  Zergling x2  
  69  5:45  Zergling x12  
  69  5:50  Drone  
  69  5:51  Drone x2  
  69  6:07  Baneling x6  
  69  6:08  Zergling x8, Baneling x5  
  69  6:09  Overlord  
  69  6:10  Overlord  
  73  6:24  Overlord  
  63  6:33  Zergling x12  
  63  6:34  Drone  
  63  6:35  Drone x3  
  63  6:38  Overseer  
  73  6:40  Zergling x4  
  73  6:44  Baneling x2  
  73  6:45  Baneling x4  
  73  6:46  Baneling  
  75  6:48  Extractor, Drone x5  
  75  6:50  Overlord  
  75  6:52  Zergling x4  
  81  6:55  Zergling x2  
  81  6:56  Baneling x2  
  81  6:58  Zergling x6  
  86  7:01  Zergling x2  
  86  7:08  Zergling x2  
  86  7:09  Zergling x2  
Tags
 
Add a new tag
Caveats
  • Supply blocks, unpowered buildings, or Contaminate may cause inaccurate times.
  • Supply counts are checked every 10 seconds.